 Dungeon Crawl Stone Soup version 0.30-a0-394-g3e4acdb0ae (webtiles) character file.

Game seed: 8054646956713581052

86 zishaf the Chiller (level 4, 0/36 HPs)
             Began as a Demigod Wanderer on Dec 6, 2022.
             Slain by Sigmund
             ... wielding a +0 scythe
              (11 damage)
             ... on level 2 of the Dungeon.
             The game lasted 00:01:51 (1381 turns).

zishaf the Chiller (Demigod Wanderer)               Turns: 1381, Time: 00:01:52

Health: 0/36       AC:  2    Str: 12    XL:     4   Next: 5%
Magic:  10/10      EV: 11    Int: 21    God:
Gold:   71         SH:  0    Dex: 11    Spells: 6/7 levels left

rFire   . . .      SeeInvis .    a - +0 club
rCold   . . .      Faith    .    (no shield)
rNeg    . . .      Spirit   .    c - +0 robe
rPois   .          Reflect  .    (no helmet)
rElec   .          Harm     .    (no cloak)
rCorr   .          Rampage  .    (no gloves)
Will    .....                    (no boots)
Stlth   +.........               (no amulet)
HPRegen 0.26/turn                (no ring)
MPRegen 0.12/turn                (no ring)

@: no status effects
A: high MP 1, forlorn, divine attributes
a: no special abilities


You were on level 2 of the Dungeon.
You visited 1 branch of the dungeon, and saw 2 of its levels.

You collected 71 gold pieces.

Inventory:

Hand Weapons
 a - a +0 club (weapon)
Armour
 c - a +0 robe (worn)
Wands
 d - a wand of polymorph (4) (quivered)
Scrolls
 b - a scroll of blinking
 e - a scroll of identify {unknown}
Potions
 f - a potion of might {unknown}


   Skills:
 + Level 1.8 Fighting
 - Level 1.0 Armour
 + Level 2.4 Spellcasting
 - Level 2.0 Translocations
 + Level 3.4 Ice Magic
 - Level 2.0 Evocations


You had 6 spell levels left.
You knew the following spells:

 Your Spells              Type           Power      Damage    Failure   Level
a - Freeze                Ice            64%        1d7       3%          1

Your spell library contained the following spells:

 Spells                   Type           Power      Damage    Failure   Level
 Apportation              Tloc           20%        N/A       6%          1
 Ozocubu's Armour         Ice            16%        N/A       11%         3
 Teleport Other           Tloc           10%        N/A       19%         3
 Static Discharge         Conj/Air       4%         2-3/arc   22%         2
 Vhi's Electric Charge    Tloc/Air       12%        N/A       28%         3
 Kindle Blastsparks       Fire/Tloc/Air  10%        2d10      32%         3
 Ignite Poison            Fire/Tmut/Pois 2%         N/A       38%         3
 Manifold Assault         Tloc           10%        N/A       52%         4
 Metabolic Englaciation   Hex/Ice        4%         N/A       89%         5
 Freezing Cloud           Conj/Ice/Air   3%         6-21      94%         5
 Arcjolt                  Conj/Air       1%         1d11      98%         5
 Lightning Bolt           Conj/Air       1%         1d12      98%         5
 Simulacrum               Ice/Necr       4%         N/A       100%        6


Dungeon Overview and Level Annotations

Branches:
Dungeon (2/15)

Shops:
D:2 :

Annotations:
D:2 Sigmund


Innate Abilities, Weirdness & Mutations

You have an increased reservoir of magic. (+10% MP)
You shall have no god before yourself.
Your divine heritage dramatically boosts your attributes as you level up.


Message History

Casting: Freeze (safe; 3% risk of failure)
Confirm with . or Enter, or press ? or * to list all spells.
You can't see any susceptible monsters within range! (Use Z to cast anyway.)
The dart slug misses you.
Casting: Freeze (safe; 3% risk of failure)
Confirm with . or Enter, or press ? or * to list all spells.
Aiming: Freeze (safe; 3% risk of failure)
Press: ? - help, Shift-Dir - straight line, f - dart slug
Aim: a dart slug You freeze the dart slug!
The dart slug is severely wounded.
The dart slug bites you.
Casting: Freeze (safe; 3% risk of failure)
Confirm with . or Enter, or press ? or * to list all spells.
You don't have enough magic to cast this spell.
You hit the dart slug.
The dart slug is almost dead.
The dart slug bites you but does no damage.
You hit the dart slug.
You kill the dart slug!
You open the door.
There is an open door here.
Sigmund the Dreaded comes into view.
He is wielding a +0 scythe.
Sigmund shouts!
Sigmund mumbles some strange words.
Sigmund flickers and vanishes!
Deactivating autopickup; reactivate with Ctrl-A.
There is a strange disturbance nearby!
You hear some strange, mumbled words.
You are confused.
Something hits you!
You're too confused to move!
Something hits you! Something completely misses you.
You're too confused to move!
You bump into the rock wall.
Something hits you!
* * * LOW HITPOINT WARNING * * *
You bump into the rock wall.
You feel less confused. Something hits you!
You die...

#. #.# #.#.#
#### ### #.#.#
...### ...##.#.#
.....#
......#.####...#
#........@.{.#
#####.....#####
.........##
......#.## #####
#.# .#.#.# #.#
#.#...# ##'##
#.##..# ##...##
#.##..#
##.....##
#.##..#####


There were no monsters in sight!

Vanquished Creatures
  An iguana (D:2)
  2 adders (D:2)
  A worm (D:2)
  2 dart slugs
  A bat (D:2)
  7 endoplasms
  2 giant cockroaches
  3 goblins (D:1)
  4 hobgoblins
  A quokka (D:2)
  4 ball pythons
  A frilled lizard (D:1)
  2 kobolds (D:1)
  A rat (D:1)
32 creatures vanquished.

Notes
Turn   | Place    | Note
-------+----------+-------------------------------------------
     0 | D:1      | zishaf the Demigod Wanderer began the quest for the Orb.
     0 | D:1      | zishaf set off with the following items: a +0 club, a
                  | scroll of blinking, a +0 robe, a wand of polymorph (4); and
                  | the following spells available to memorise: Freeze,
                  | Apportation, Ozocubu's Armour, Teleport Other, Manifold
                  | Assault.
     0 | D:1      | Reached XP level 1. HP: 14/14 MP: 5/5
    19 | D:1      | Learned a level 1 spell: Freeze
   229 | D:1      | Reached XP level 2. HP: 11/22 MP: 4/7
   488 | D:1      | Reached skill level 3 in Ice Magic
   579 | D:1      | Reached skill level 1 in Fighting
   904 | D:2      | Reached XP level 3. HP: 28/28 MP: 3/8
   965 | D:2      | Found Ped Utep's Vocational Training.
  1272 | D:2      | Reached XP level 4. HP: 14/36 MP: 1/10
  1372 | D:2      | Noticed Sigmund
  1381 | D:2      | Slain by Sigmund

Illustrated notes

Levels and vault maps discovered:
D:1:      dpeg_arrival_rooms_b, layout_rooms
D:2:      layout_loops_corners, basic_altar, nicolae_shop_vocational,
          uniq_sigmund, uniq_crazy_yiuf_cottage

Skill      XL: |  1  2 |
---------------+-------+-----
Translocations | 2 |  2.0
Evocations     | 2 |  2.0
Spellcasting   | 2 |  2.4
Ice Magic      | 3 |  3.4
Fighting       | 1 |  1.8
Armour         | |  1.0

Action                   |  1- 3 |  4- 6 || total
-------------------------+-------+-------++-------
Melee: Club              |    20 |     2 ||    22
 Cast: Freeze            |    56 |     1 ||    57
Armor: Robe              |     9 |     1 ||    10
Dodge: Dodged            |    38 |     2 ||    40

Table legend: (Time is in decaauts)
 A = Elapsed time spent in this place.
 B = Non-inter-level travel time spent in this place.
 C = Inter-level travel time spent in this place.
 D = Time resting spent in this place.
 E = Time spent auto-exploring this place.
 F = Levels seen in this place.
 G = Mean time per level.
                   A        B        C        D        E       F      G
               +--------+--------+--------+--------+--------+-----+--------+
         Total |   1387 |   1363 |     24 |      0 |   1154 |   2 |  693.5 |
       Dungeon |   1387 |   1363 |     24 |      0 |   1154 |   2 |  693.5 |
               +--------+--------+--------+--------+--------+-----+--------+

Top non-repeatable levels by time:
     D:1: 892 daAuts
     D:2: 494 daAuts
